 Dungeon Sprint DCSS version 0.28.0-53-g5a82cb258f (webtiles) character file.

Game seed: 12922871833951189570

1428 Zeld the Cleaver (level 8, -7/74 HPs)
             Began as a Minotaur Monk on May 21, 2022.
             Was a High Priest of Makhleb.
             Mangled by a fire elemental (9 damage)
             ... in the Dungeon (Sprint V: "Ziggurat Sprint").
             The game lasted 00:01:29 (559 turns).

Zeld the Cleaver (Minotaur Monk)                     Turns: 559, Time: 00:01:29

Health: -7/74      AC: 19    Str: 30    XL:     8   Next: 44%
Magic:  13/13      EV:  4    Int:  7    God:    Makhleb [*****.]
Gold:   0          SH: 17    Dex: 13    Spells: 7/7 levels left

rFire   . . .      SeeInvis +   y - +14 obsidian axe {vorpal, Mesm Drain Fly SInv}
rCold   . . .      Faith    .   i - +3 tower shield
rNeg    . . .      Spirit   .   h - +5 crystal plate armour
rPois   .          Reflect  .   (helmet restricted)
rElec   .          Harm     .   (no cloak)
rCorr   .          Rampage  .   (no gloves)
Will    .....      NoTele   +   (no boots)
Stlth   ..........              (no amulet)
HPRegen 0.22/turn               v - +6 ring of strength
MPRegen 0.13/turn               w - +6 ring of strength

@: flying, mesmerised
A: horns 2, retaliatory headbutt
a: Renounce Religion, Minor Destruction, Lesser Servant of Makhleb, Major
Destruction, Greater Servant of Makhleb


You were in the Dungeon.
You worshipped Makhleb.
Makhleb was extremely pleased with you.
You visited 1 branch

Inventory:

Hand Weapons
 y - the +14 obsidian axe (weapon) {vorpal, Mesm Drain Fly SInv}
   (You found it in the Dungeon)

   It inflicts extra damage upon your enemies.
   It occasionally summons demons to assist the wielder when it strikes in
   combat.
   Its wielder is mesmerised by any visible foes.
   It cannot be unequipped while any foes are visible.
   SInv:      It lets you see invisible.
   Fly:       It grants you flight.
   Drain:     It drains your maximum health when unequipped.
Armour
 h - a +5 crystal plate armour (worn)
 i - a +3 tower shield (worn)
Jewellery
 a - a ring of protection from fire
 m - a ring of see invisible
 v - a +6 ring of strength (left hand)
 w - a +6 ring of strength (right hand)
 A - a +4 ring of protection
Wands
 s - a wand of mindburst (7)
 t - a wand of iceblast (7)
 u - a wand of acid (7)
Scrolls
 g - 4 scrolls of blinking
 o - 7 scrolls of fog
 p - a scroll of holy word
 q - 5 scrolls of identify
 r - 2 scrolls of fear
Potions
 b - 10 potions of curing
 c - 10 potions of heal wounds
 d - 6 potions of haste
 e - 7 potions of magic
 f - 3 potions of berserk rage
 j - 2 potions of brilliance
 k - 2 potions of invisibility
 l - 4 potions of resistance
 n - 5 potions of might
Miscellaneous
 x - a lightning rod (4/4)
 z - a piece from Xom's chessboard (15/15)


   Skills:
 + Level 8.1 Fighting
 * Level 10.2 Axes
 + Level 7.4 Dodging
 - Level 1.5 Stealth
 + Level 7.1 Shields
 + Level 7.4 Unarmed Combat
 * Level 8.5 Invocations
 * Level 7.8 Evocations


You had 7 spell levels left.
You didn't know any spells.
Your spell library was empty.

Dungeon Overview and Level Annotations

Branches:
Dungeon (1/1)

Altars:
Ashenzari
Cheibriados
Dithmenos
Elyvilon
Fedhas
Gozag
Hepliaklqana
Kikubaaqudgha
Makhleb
Nemelex Xobeh
Okawaru
Qazlal
Ru
Sif Muna
Trog
Uskayaw
Vehumet
Wu Jian
Xom
Yredelemnul
Zin
The Shining One
Beogh
Jiyva
Lugonu

Annotations:
D 1 transporter


Innate Abilities, Weirdness & Mutations

You have a pair of horns on your head.
You reflexively headbutt those who attack you in melee.


Message History

The deep elf knight shoots an arrow.
You block the arrow.
The deep elf zephyrmancer gestures wildly while chanting.
The deep elf zephyrmancer blinks!
Found six items.
Okay, then.
Unknown command.
Found a transporter.
Visions of slaying the deep elf zephyrmancer flood into your mind.
You slice the deep elf zephyrmancer!!
The deep elf zephyrmancer is severely wounded.
You block the deep elf zephyrmancer's attack.
You block the fire elemental's attack.
The deep elf archer is engulfed in blazing flames.
The deep elf knight gestures wildly while chanting.
The deep elf knight flickers and vanishes for a moment.
The deep elf zephyrmancer hits you but does no damage.
You barely miss the deep elf zephyrmancer.
The deep elf zephyrmancer is severely wounded.
You closely miss the deep elf zephyrmancer.
You closely miss the fire elemental.
Visions of slaying the deep elf zephyrmancer flood into your mind.
You block the fire elemental's attack.
The deep elf zephyrmancer hits you but does no damage.
The deep elf knight casts a spell.
The deep elf knight seems to speed up.
You block the fire elemental's attack.
The deep elf zephyrmancer points at you and mumbles some strange words.
The bolt of lightning hits you!!
You slice the deep elf zephyrmancer!!
You kill the deep elf zephyrmancer!
Makhleb accepts your kill.
You slash the fire elemental! You miss the deep elf zephyrmancer.
Visions of slaying the fire elemental flood into your mind.
The deep elf knight gestures wildly while chanting.
The deep elf knight flickers and vanishes for a moment.
The fire elemental hits you. The fire elemental burns you!
The deep elf zephyrmancer points at you and mumbles some strange words.
The bolt of lightning hits you!!
* * * LOW HITPOINT WARNING * * *
The fire elemental hits you. The fire elemental burns you!
You die...

▓▓▓▓▓▓▓▓▓▓▓▓▓▓▓▓▓▓▓
▓..8©8..▓ ▓..[)=..▓
▓..})}..▓ ▓.......▓
▓...°e..▓ ▓...ee..▓
▓...eE).▓ ▓.▓..@▓.▓
▓...©...▓ ▓▓▓▓▓▓▓▓▓


You could see a deep elf archer (repels missiles), 2 deep elf knights, a deep
elf zephyrmancer and a fire elemental (mesmerising).

Vanquished Creatures
  A deep elf zephyrmancer (D)
  A rime drake (D)
  A guardian mummy (D)
  A tarantella (D)
  A jumping spider (D)
  A steam dragon (D)
  2 swamp drakes (D)
  3 scorpions (D)
  A crimson imp (D)
  A mummy (D)
  A shadow imp (D)
  An adder zombie (D)
  A bat zombie (D)
  2 ball pythons (D)
18 creatures vanquished.

Vanquished Creatures (collateral kills)
  A mummy (D)
1 creature vanquished.

Grand Total: 19 creatures vanquished

Notes
Turn   | Place    | Note
-------+----------+-------------------------------------------
     0 | D        | Zeld the Minotaur Monk began the quest for the Orb.
     0 | D        | Reached XP level 1. HP: 19/19 MP: 0/0
     3 | D        | Found a blossoming altar of Fedhas.
     3 | D        | Found the +6 Majin-Bo {vamp, MP+6 Int+6}
     3 | D        | Found the +9 heavy crossbow "Sniper" {vorpal, Acc+∞ SInv}
     3 | D        | Found the +10 dark maul {vorpal}
     3 | D        | Found the +15 Maxwell's patent armour {-Cast -Tele rElec
                  | Will+ rCorr}
     3 | D        | Found the +18 shield of the Gong {rElec rN+ Will+ EV-5}
     3 | D        | Found the +14 obsidian axe {vorpal, Mesm Drain Fly SInv}
     3 | D        | Found the +7 great mace "Firestarter" {inner flame, rF++}
     3 | D        | Found the +6 shillelagh "Devastator" {shatter}
     3 | D        | Found the +11 plutonium sword {Contam Stlth-}
     3 | D        | Found the +8 lance "Wyrmbane" {slay drac, rPois rF+ rC+
                  | AC+3}
     3 | D        | Found the +9 sword of Zonguldrok {reap}
     3 | D        | Found the +13 scythe of Curses {drain, Drain}
     3 | D        | Found the +5 sword of Power {vorpal}
     3 | D        | Found the +7 mace of Variability {chain chaos}
     3 | D        | Found the +7 Singing Sword {vorpal, sonic wave}
     3 | D        | Found the +8 storm bow {elec, penet}
     5 | D        | Found a viscous altar of Jiyva.
     5 | D        | Found a hazy altar of Hepliaklqana.
     5 | D        | Found a transporter.
     5 | D        | Found an opulent altar of Gozag.
     5 | D        | Found an ancient bone altar of Kikubaaqudgha.
     5 | D        | Found a corrupted altar of Lugonu.
     9 | D        | Found a burning altar of Makhleb.
    11 | D        | Found a shimmering blue altar of Sif Muna.
    11 | D        | Found a sacrificial altar of Ru.
    11 | D        | Found a bloodstained altar of Trog.
    11 | D        | Found a stormy altar of Qazlal.
    11 | D        | Found an iron altar of Okawaru.
    11 | D        | Found a sparkling altar of Nemelex Xobeh.
   101 | D        | Became a worshipper of Makhleb the Destroyer
   101 | D        | Reached * piety under Makhleb
   101 | D        | Reached ** piety under Makhleb
   104 | D        | Reached skill level 3 in Axes
   104 | D        | Reached XP level 2. HP: 28/28 MP: 0/3
   110 | D        | Entered arena 2.
   110 | D        | Found a transporter.
   142 | D        | Entered arena 3.
   142 | D        | Noticed a crimson imp
   142 | D        | Found a transporter.
   146 | D        | Reached *** piety under Makhleb
   153 | D        | Killed a crimson imp
   154 | D        | Reached skill level 5 in Fighting
   154 | D        | Reached skill level 4 in Axes
   154 | D        | Reached XP level 3. HP: 36/36 MP: 4/4
   261 | D        | Entered arena 4.
   261 | D        | Noticed a guardian mummy
   261 | D        | Found a transporter.
   267 | D        | Killed a guardian mummy
   268 | D        | Reached skill level 7 in Axes
   268 | D        | Reached skill level 5 in Dodging
   268 | D        | Reached skill level 5 in Unarmed Combat
   268 | D        | Reached skill level 5 in Invocations
   268 | D        | Reached skill level 5 in Evocations
   268 | D        | Reached XP level 4. HP: 34/44 MP: 4/7
   268 | D        | Reached XP level 5. HP: 39/50 MP: 4/8
   268 | D        | Reached XP level 6. HP: 44/57 MP: 4/9
   268 | D        | Reached **** piety under Makhleb
   269 | D        | Reached skill level 5 in Shields
   404 | D        | Entered arena 5.
   404 | D        | Noticed a rime drake
   404 | D        | Noticed a swamp drake
   404 | D        | Noticed a swamp drake
   404 | D        | Noticed a steam dragon
   404 | D        | Found a transporter.
   407 | D        | Killed a steam dragon
   409 | D        | Killed a swamp drake
   409 | D        | Killed a rime drake
   409 | D        | Killed a swamp drake
   409 | D        | Reached ***** piety under Makhleb
   410 | D        | Reached skill level 9 in Axes
   410 | D        | Reached XP level 7. HP: 47/66 MP: 9/11
   537 | D        | Entered arena 6.
   537 | D        | Noticed a tarantella
   537 | D        | Noticed a jumping spider
   537 | D        | Found a transporter.
   540 | D        | Killed a tarantella
   541 | D        | Reached XP level 8. HP: 64/74 MP: 11/13
   542 | D        | Killed a jumping spider
   543 | D        | Reached skill level 10 in Axes
   555 | D        | Entered arena 7.
   555 | D        | Noticed a deep elf zephyrmancer
   555 | D        | Noticed a deep elf knight
   555 | D        | Noticed a deep elf archer
   555 | D        | Noticed a deep elf knight
   555 | D        | Noticed a deep elf zephyrmancer
   556 | D        | Found a transporter.
   559 | D        | Killed a deep elf zephyrmancer
   559 | D        | HP: 2/74 [deep elf zephyrmancer/bolt of lightning (26)]
   559 | D        | Mangled by a fire elemental

Illustrated notes

Levels and vault maps discovered:
D:        sprint_v [room_start, room_1, room_2, room_3, room_4, room_5, room_6,
          room_7, room_8, room_9, room_10, room_11, room_12, room_13, room_14,
          room_15, room_16, room_17, room_18, room_19, room_20, room_21,
          room_22, room_23, room_24, room_25, room_26, room_27]

Skill      XL: |  1  2  3  4  5  6  7  8 |
---------------+-------------------------+-----
Fighting       | 4 5 6 7 8 |  8.1
Axes           | 3 4 7 9 10 | 10.2
Dodging        | 4 5 6 7 |  7.4
Shields        | 2 3 4 6 7 |  7.1
Unarmed Combat | 4 5 6 7 |  7.4
Invocations    | 3 5 7 8 |  8.5
Evocations     | 2 3 5 6 7 |  7.8
Stealth        | |  1.5

Action                   |  1- 3 |  4- 6 |  7- 9 || total
-------------------------+-------+-------+-------++-------
Melee: Broad axe         |    12 |     5 |     8 ||    25
       Headbutt          |     1 |       |       ||     1
Invok: Minor Destruction |     1 |       |       ||     1
       Lesser Servant of |     1 |       |       ||     1
  Use: Potion            |     1 |       |       ||     1
Armor: Crystal plate arm |    12 |     7 |     8 ||    27
Dodge: Dodged            |     1 |       |     1 ||     2
Block: Tower shield      |    15 |     4 |    12 ||    31
